TOP OF THE 1ST |
Brooklyn Cyclones batting - Pitching for Batavia Muckdogs : RHP Eric Stevenson
|
Pitching: RHP Eric Stevenson
|
|
Batting: LHB Elmo Dreier
|
0-0: Called Strike 0-1: Called Strike 0-2: Foul Ball, location: 2F 0-2: Strikes out looking
|
Batting: RHB Pete Orban
|
0-0: Called Strike 0-1: Foul Ball, location: 2F 0-2: Strikes out swinging
|
Batting: RHB Andy Carrell
|
0-0: Foul Ball, location: 2F 0-1: Ball 1-1: Ball 2-1: Fly out, F9 (Flyball, 9D, EV 101.9 MPH)
|
Top of the 1st over - 0 runs, 0 hits, 0 errors, 0 left on base; Brooklyn 0 - Batavia 0 |
BOTTOM OF THE 1ST |
Batavia Muckdogs batting - Pitching for Brooklyn Cyclones : RHP Shan-tang Chi
|
Pitching: RHP Shan-tang Chi
|
|
Batting: RHB Harrie de Kam
|
0-0: Ball 1-0: Foul Ball, location: 2F 1-1: Ball 2-1: Ball 3-1: Called Strike 3-2: Foul Ball, location: 2F 3-2: Foul Ball, location: 2F 3-2: Ground out 4-3 (Groundball, 4M, EV 98.8 MPH)
|
Batting: SHB Justin Corbett
|
0-0: Ball 1-0: Foul Ball, location: 2F 1-1: Swinging Strike 1-2: Hit by Pitch
|
Batting: RHB Miguel Velasco
|
0-0: Swinging Strike 0-1: SINGLE (Groundball, 34D, EV 103.8 MPH) Justin Corbett to second Runner from 2nd tries for 3rd, SAFE, throw by RF made to third
|
Batting: LHB Angelo Estrella
|
0-0: Ball 1-0: Ball Miguel Velasco steals 2nd base 2-0: Fly out, F4 (Line Drive, 4M, EV 66.2 MPH)
|
Batting: RHB Justin Dunham
|
0-0: Ball 1-0: Called Strike 1-1: Foul Ball, location: 2F 1-2: Foul Ball, location: 2F 1-2: Foul Ball, location: 2F 1-2: Ground out 4-3 (Groundball, 4, EV 90.6 MPH)
|
Bottom of the 1st over - 0 runs, 1 hit, 0 errors, 2 left on base; Brooklyn 0 - Batavia 0 |
TOP OF THE 2ND |
Brooklyn Cyclones batting - Pitching for Batavia Muckdogs : RHP Eric Stevenson
|
Batting: LHB Miguel Ramos
|
0-0: Foul Ball, location: 2F 0-1: Ball 1-1: Called Strike 1-2: Strikes out swinging
|
Batting: SHB Chris Keziah
|
0-0: Called Strike 0-1: Ball 1-1: Ball 2-1: Ball 3-1: Called Strike 3-2: Ground out U3 (Groundball, 3S, EV 88.8 MPH)
|
Batting: RHB Jayden Copeland
|
0-0: Foul Ball, location: 2F 0-1: Ball 1-1: Ball 2-1: Ball 3-1: Called Strike 3-2: Foul Ball, location: 2F 3-2: Foul Ball, location: 2F 3-2: Fly out, F8 (Flyball, 8RM, EV 80.0 MPH)
|
Top of the 2nd over - 0 runs, 0 hits, 0 errors, 0 left on base; Brooklyn 0 - Batavia 0 |
BOTTOM OF THE 2ND |
Batavia Muckdogs batting - Pitching for Brooklyn Cyclones : RHP Shan-tang Chi
|
Batting: RHB Reomel Somera
|
0-0: Ball 1-0: TRIPLE (Line Drive, 9LD, EV 100.6 MPH)
|
Batting: LHB Matt McKeon
|
0-0: Called Strike 0-1: Ball 1-1: Foul Ball, location: 2F 1-2: Ball 2-2: Ball Wild Pitch! Reomel Somera scores 3-2: Foul Ball, location: 2F 3-2: SINGLE (Groundball, 4M, EV 96.9 MPH) (infield hit)
|
Batting: RHB Eric Jordan
|
0-0: Called Strike 0-1: Foul Ball, location: 2F 0-2: Ball 1-2: Ball 2-2: Ball 3-2: Strikes out looking Matt McKeon is caught stealing 2nd base 2-4 Batter strikes out.
|
Batting: RHB Jeremy Dennis
|
0-0: Called Strike 0-1: SINGLE (Flyball, 3D, EV 91.2 MPH)
|
Batting: RHB Harrie de Kam
|
0-0: Ball Jeremy Dennis steals 2nd base (no throw) 1-0: Ball Wild Pitch! Jeremy Dennis to third 2-0: Fly out, F9 (Flyball, 89M, EV 86.9 MPH)
|
Bottom of the 2nd over - 1 run, 3 hits, 0 errors, 1 left on base; Brooklyn 0 - Batavia 1 |
TOP OF THE 3RD |
Brooklyn Cyclones batting - Pitching for Batavia Muckdogs : RHP Eric Stevenson
|
Batting: RHB Chris Pynn
|
0-0: Ball 1-0: SINGLE (Line Drive, 8RS, EV 111.9 MPH)
|
Batting: RHB Tom Primmer
|
0-0: Grounds into double play, 6-4-3 (Groundball, 6, EV 77.5 MPH)
|
Batting: SHB Duri Chilemba
|
0-0: Foul Ball, location: 2F 0-1: Swinging Strike 0-2: Strikes out swinging
|
Top of the 3rd over - 0 runs, 1 hit, 0 errors, 0 left on base; Brooklyn 0 - Batavia 1 |
BOTTOM OF THE 3RD |
Batavia Muckdogs batting - Pitching for Brooklyn Cyclones : RHP Shan-tang Chi
|
Batting: SHB Justin Corbett
|
0-0: Called Strike 0-1: Ground out 4-3 (Groundball, 4M, EV 100.6 MPH)
|
Batting: RHB Miguel Velasco
|
0-0: Called Strike 0-1: Ball 1-1: Ground out 5-3 (Groundball, 56, EV 87.5 MPH)
|
Batting: LHB Angelo Estrella
|
0-0: Fly out, F6 (Line Drive, 6, EV 66.2 MPH)
|
Bottom of the 3rd over - 0 runs, 0 hits, 0 errors, 0 left on base; Brooklyn 0 - Batavia 1 |
TOP OF THE 4TH |
Brooklyn Cyclones batting - Pitching for Batavia Muckdogs : RHP Eric Stevenson
|
Batting: LHB Elmo Dreier
|
0-0: Ball 1-0: Ball 2-0: Called Strike 2-1: Foul Ball, location: 2F 2-2: Ground out 3-1 (Groundball, 34, EV 83.8 MPH)
|
Batting: RHB Pete Orban
|
0-0: Ball 1-0: Called Strike 1-1: Foul Ball, location: 2F 1-2: Foul Ball, location: 2F 1-2: Strikes out swinging
|
Batting: RHB Andy Carrell
|
0-0: Called Strike 0-1: Foul Ball, location: 2F 0-2: Ball 1-2: SINGLE (Line Drive, 7LS, EV 101.9 MPH)
|
Batting: LHB Miguel Ramos
|
0-0: Ball 1-0: Ball 2-0: Called Strike Andy Carrell steals 2nd base 2-1: Foul Ball, location: 2F 2-2: SINGLE (Flyball, 6D, EV 86.2 MPH) Andy Carrell to third Runner from 3rd tries for Home, SAFE, throw by LF to home
|
Batting: SHB Chris Keziah
|
0-0: Swinging Strike 0-1: Swinging Strike 0-2: Ball 1-2: Strikes out looking
|
Top of the 4th over - 1 run, 2 hits, 0 errors, 1 left on base; Brooklyn 1 - Batavia 1 |
BOTTOM OF THE 4TH |
Batavia Muckdogs batting - Pitching for Brooklyn Cyclones : RHP Shan-tang Chi
|
Batting: RHB Justin Dunham
|
0-0: Ball 1-0: Called Strike 1-1: Foul Ball, location: 2F 1-2: Foul Ball, location: 2F 1-2: Strikes out swinging
|
Batting: RHB Reomel Somera
|
0-0: Ball 1-0: Foul Ball, location: 2F 1-1: Ball 2-1: Ball 3-1: Fly out, F8 (Flyball, 8LS, EV 89.4 MPH)
|
Batting: LHB Matt McKeon
|
0-0: Ball 1-0: Ball 2-0: Called Strike 2-1: Ball 3-1: SOLO HOME RUN (Flyball, 89XD, EV 99.4 MPH), Distance : 399 ft
|
Batting: RHB Eric Jordan
|
0-0: Called Strike 0-1: Foul Ball, location: 2F 0-2: Ball 1-2: Strikes out swinging
|
Bottom of the 4th over - 1 run, 1 hit, 0 errors, 0 left on base; Brooklyn 1 - Batavia 2 |
TOP OF THE 5TH |
Brooklyn Cyclones batting - Pitching for Batavia Muckdogs : RHP Eric Stevenson
|
Batting: RHB Jayden Copeland
|
0-0: Swinging Strike 0-1: Called Strike 0-2: Strikes out swinging
|
Batting: RHB Chris Pynn
|
0-0: Ball 1-0: Ball 2-0: Ball 3-0: Base on Balls
|
Batting: RHB Tom Primmer
|
0-0: Foul Ball, location: 2F 0-1: Swinging Strike 0-2: Ball 1-2: Grounds into double play, 5-4-3 (Groundball, 56S, EV 82.5 MPH)
|
Top of the 5th over - 0 runs, 0 hits, 0 errors, 0 left on base; Brooklyn 1 - Batavia 2 |
BOTTOM OF THE 5TH |
Batavia Muckdogs batting - Pitching for Brooklyn Cyclones : RHP Shan-tang Chi
|
Batting: RHB Jeremy Dennis
|
0-0: Ball 1-0: Called Strike 1-1: Foul Ball, location: 2F 1-2: Foul Ball, location: 2F 1-2: Foul Ball, location: 2F 1-2: Strikes out swinging, 2-3 out at first.
|
Batting: RHB Harrie de Kam
|
0-0: Ball 1-0: Foul Ball, location: 2F 1-1: Swinging Strike 1-2: Ground out 4-3 (Groundball, 4, EV 91.9 MPH)
|
Batting: SHB Justin Corbett
|
0-0: Called Strike 0-1: Called Strike 0-2: Foul Ball, location: 2F 0-2: Strikes out swinging
|
Bottom of the 5th over - 0 runs, 0 hits, 0 errors, 0 left on base; Brooklyn 1 - Batavia 2 |
TOP OF THE 6TH |
Brooklyn Cyclones batting - Pitching for Batavia Muckdogs : RHP Eric Stevenson
|
Batting: SHB Duri Chilemba
|
0-0: Swinging Strike 0-1: Ball 1-1: Ground out U3 (Groundball, 34S, EV 64.4 MPH)
|
Batting: LHB Elmo Dreier
|
0-0: Ball 1-0: Reached on error, E4 (Groundball, 4S, EV 91.2 MPH)
|
Batting: RHB Pete Orban
|
0-0: Ball 1-0: Ball 2-0: Ball 3-0: Swinging Strike 3-1: Ground out 6-3 (Groundball, 6, EV 88.1 MPH) Elmo Dreier to third
|
Batting: RHB Andy Carrell
|
0-0: Ball 1-0: Foul Ball, location: 2F 1-1: Ground out 5-3 (Groundball, 5, EV 83.1 MPH)
|
Top of the 6th over - 0 runs, 0 hits, 1 error, 1 left on base; Brooklyn 1 - Batavia 2 |
BOTTOM OF THE 6TH |
Batavia Muckdogs batting - Pitching for Brooklyn Cyclones : RHP Shan-tang Chi
|
Batting: RHB Miguel Velasco
|
0-0: Ball 1-0: Foul Ball, location: 2F 1-1: Swinging Strike 1-2: Strikes out swinging
|
Batting: LHB Angelo Estrella
|
0-0: Called Strike 0-1: Ball 1-1: Ball 2-1: SINGLE (Groundball, 25, EV 73.8 MPH) (infield hit)
|
Batting: RHB Justin Dunham
|
0-0: Ball 1-0: Ball Wild Pitch! Angelo Estrella to second 2-0: DOUBLE (Line Drive, 78M, EV 99.4 MPH) Angelo Estrella scores
|
Batting: RHB Reomel Somera
|
0-0: Fly out, F7 (Flyball, 78M, EV 75.0 MPH)
|
Batting: LHB Matt McKeon
|
0-0: Intentional Walk
|
Batting: RHB Eric Jordan
|
0-0: Called Strike 0-1: Foul Ball, location: 2F 0-2: Strikes out swinging
|
Bottom of the 6th over - 1 run, 2 hits, 0 errors, 2 left on base; Brooklyn 1 - Batavia 3 |
TOP OF THE 7TH |
Brooklyn Cyclones batting - Pitching for Batavia Muckdogs : RHP Eric Stevenson
|
Batting: LHB Miguel Ramos
|
0-0: Called Strike 0-1: Foul Ball, location: 2F 0-2: Ball 1-2: Ground out 4-3 (Groundball, 4, EV 88.8 MPH)
|
Batting: SHB Chris Keziah
|
0-0: Called Strike 0-1: Ball 1-1: Swinging Strike 1-2: Ball 2-2: Ball 3-2: Strikes out looking
|
Batting: RHB Jayden Copeland
|
0-0: SINGLE (Line Drive, 8RS, EV 108.1 MPH)
|
Batting: RHB Chris Pynn
|
0-0: Ball 1-0: Ball 2-0: Ball 3-0: Hit by Pitch Jayden Copeland to second
|
Pinch Hitting: SHB Evan Armagost
|
0-0: Fly out, F8 (Flyball, 8LXD, EV 91.2 MPH)
|
Top of the 7th over - 0 runs, 1 hit, 0 errors, 2 left on base; Brooklyn 1 - Batavia 3 |
BOTTOM OF THE 7TH |
Batavia Muckdogs batting - Pitching for Brooklyn Cyclones : RHP Shan-tang Chi
|
Now in LF: Luis Garcia
|
|
Batting: RHB Jeremy Dennis
|
0-0: Called Strike 0-1: Swinging Strike 0-2: Foul Ball, location: 2F 0-2: Fly out, F8 (Flyball, 78D, EV 94.4 MPH)
|
Pitching: RHP Rome Corona
|
|
Batting: RHB Harrie de Kam
|
0-0: Ball 1-0: Fly out, F7 (Flyball, 78M, EV 87.5 MPH)
|
Batting: SHB Justin Corbett
|
0-0: Swinging Strike 0-1: Called Strike 0-2: Ball 1-2: Ball 2-2: Strikes out looking
|
Bottom of the 7th over - 0 runs, 0 hits, 0 errors, 0 left on base; Brooklyn 1 - Batavia 3 |
TOP OF THE 8TH |
Brooklyn Cyclones batting - Pitching for Batavia Muckdogs : RHP Eric Stevenson
|
Batting: SHB Duri Chilemba
|
0-0: Swinging Strike 0-1: SINGLE (Line Drive, 78S, EV 89.4 MPH)
|
Pitching: RHP Mike Yorke
|
|
Batting: LHB Elmo Dreier
|
0-0: Ball 1-0: Called Strike 1-1: Foul Ball, location: 2F 1-2: Ball 2-2: Foul Ball, location: 2F 2-2: Foul Ball, location: 2F 2-2: Fielders Choice at 2nd, 6-4 (Groundball, 6, EV 88.8 MPH)
|
Pinch Hitting: SHB Salvador Gomez
|
0-0: Grounds into double play, 3-6-1 (Groundball, 3, EV 90.6 MPH)
|
Top of the 8th over - 0 runs, 1 hit, 0 errors, 0 left on base; Brooklyn 1 - Batavia 3 |
BOTTOM OF THE 8TH |
Batavia Muckdogs batting - Pitching for Brooklyn Cyclones : RHP Rome Corona
|
Now in CF: Jack Nickleberry
|
|
Batting: RHB Miguel Velasco
|
0-0: Called Strike 0-1: Ball 1-1: Swinging Strike 1-2: Strikes out looking
|
Batting: LHB Angelo Estrella
|
0-0: Called Strike 0-1: Ball 1-1: Swinging Strike 1-2: Ball 2-2: Ball 3-2: Foul Ball, location: 2F 3-2: Base on Balls
|
Batting: RHB Justin Dunham
|
0-0: Called Strike 0-1: Fielders Choice at 2nd, 6-4 (Groundball, 6, EV 104.4 MPH)
|
Batting: RHB Reomel Somera
|
0-0: Ball 1-0: Called Strike 1-1: Swinging Strike 1-2: Strikes out swinging
|
Bottom of the 8th over - 0 runs, 0 hits, 0 errors, 1 left on base; Brooklyn 1 - Batavia 3 |
TOP OF THE 9TH |
Brooklyn Cyclones batting - Pitching for Batavia Muckdogs : RHP Mike Yorke
|
Pitching: RHP Chris Forster
|
|
Now at 3B: Andy Kelly
|
|
Now in LF: Matt McKeon
|
|
Now in CF: Hiromitsu Yamada
|
|
Batting: RHB Andy Carrell
|
0-0: Ball 1-0: Swinging Strike 1-1: Ground out 5-3 (Groundball, 56, EV 103.8 MPH)
|
Batting: LHB Miguel Ramos
|
0-0: Ball 1-0: Ball 2-0: Ball 3-0: Base on Balls
|
Batting: SHB Chris Keziah
|
0-0: Foul Ball, location: 2F 0-1: Swinging Strike 0-2: Ball 1-2: Ball 2-2: Foul Ball, location: 2F 2-2: Foul Ball, location: 2F 2-2: Strikes out swinging
|
Batting: RHB Jayden Copeland
|
0-0: Ball 1-0: Ball Passed Ball! Miguel Ramos to second 2-0: Ball 3-0: Called Strike 3-1: Foul Ball, location: 2F 3-2: Foul Ball, location: 2F 3-2: Base on Balls
|
Pitching: RHP Dan Durand
|
|
Pinch Hitting: LHB Jeremy DiGenova
|
0-0: Fielders Choice at 2nd, 5-4 (Groundball, 56, EV 91.9 MPH)
|
Top of the 9th over - 0 runs, 0 hits, 0 errors, 2 left on base; Brooklyn 1 - Batavia 3 |
|